Map: Central Protocol

Players

TuuSAmo - Winner!

  • Race: Zerg Zerg
  • League: Bronze

Zak

  • Race: Protoss Protoss
  • League: Gold

VOD

Have the link to the VOD?

Description

Time

  • Played on: Nov. 23, 2015, 11:35 p.m.
  • Length: 16:04
Show
View Real Time Build Order
Export as new Build Order

TuuSAmo Zerg - Winner!

Build Orders: Pool First, Lurkers 

Get SALT Encoding   

  12  0:01  Drone  
  13  0:09  Drone  
  14  0:16  Overlord  
  14  0:35  Drone x3  
  17  0:49  Spawning Pool  
  16  0:51  Drone  
  17  1:16  Hatchery  
  16  1:28  Drone x2  
  16  1:31  Overlord, Extractor  
  17  1:40  Queen  
  19  2:09  Drone x3  
  22  2:29  Drone  
  22  2:30  Drone  
  22  2:35  Zergling x2  
  24  2:42  Zergling x2  
  25  2:46  Extractor  
  25  2:47  Zergling x2  
  25  2:50  Overlord  
  25  2:59  Queen  
  25  3:01  Drone  
  28  3:05  Drone  
  28  3:06  Drone x3  
  32  3:15  Roach Warren  
  32  3:16  Drone  
  32  3:22  Metabolic Boost  
  32  3:31  Drone x2  
  32  3:32  Drone x2  
  36  3:35  Queen  
  36  3:38  Drone x2  
  40  3:44  Drone x3  
  43  3:52  Extractor  
  43  3:54  Extractor  
  41  4:02  Drone x3  
  44  4:07  Lair  
  44  4:16  Evolution Chamber  
  42  4:19  Evolution Chamber, Drone x2  
  42  4:20  Overlord  
  43  4:38  Overlord x3  
  43  4:58  Roach x3  
  43  4:59  Hatchery, Roach  
  50  5:08  Zerg Missile Weapons Level 1, Zerg Ground Armor Level 1  
  50  5:12  Glial Reconstitution  
  50  5:15  Drone  
  50  5:16  Drone  
  50  5:18  Drone  
  53  5:28  Ravager x4  
  57  5:38  Zergling x8  
  57  5:39  Zergling x2  
  62  5:47  Roach x2  
  62  5:49  Overlord x3  
  66  6:02  Zergling x2  
  67  6:05  Overlord x3  
  67  6:14  Roach x3  
  67  6:15  Roach  
  75  6:19  Zergling x4  
  77  6:25  Drone  
  77  6:26  Drone  
  77  6:31  Drone x4  
  83  7:04  Roach x3  
  83  7:05  Roach x3  
  95  7:11  Zerg Missile Weapons Level 2  
  95  7:21  Roach x5  
  105  7:24  Overlord  
  105  7:31  Drone  
  105  7:32  Drone  
  105  7:33  Drone x3  
  110  7:37  Drone  
  110  7:38  Drone  
  110  7:39  Drone x2  
  114  7:48  Zerg Ground Armor Level 2  
  101  8:15  Drone x5  
  101  8:16  Hydralisk Den  
  103  8:26  Queen  
  105  8:29  Roach x3  
  105  8:30  Roach x2  
  105  8:41  Zergling x2  
  105  8:42  Zergling x18  
  115  8:57  Hydralisk  
  115  8:58  Hydralisk x6  
  128  9:22  Ravager x3  
  128  9:37  Roach x4  
  128  9:38  Roach x2  
  127  9:42  Zergling x2  
  127  9:43  Zergling x4  
  130  9:45  Overlord  
  130  9:46  Overlord x4  
  130  9:51  Lurker Den  
  130  9:58  Zerg Melee Weapons Level 1  
  130  10:04  Overlord x4  
  108  10:14  Roach x7  
  113  10:15  Roach, Queen  
  123  10:28  Roach x5  
  129  10:29  Roach x4  
  141  10:35  Ravager  
  141  10:36  Ravager x6  
  141  10:38  Zergling x2  
  141  10:39  Zergling x2  
  150  10:55  Ravager x3  
  150  10:56  Ravager x3  
  139  11:12  Roach x4  
  139  11:17  Zergling x8  
  139  11:18  Zergling x14  
  156  11:22  Lurker x3  
  131  12:00  Hatchery  
  128  12:03  Roach x6  
  128  12:04  Roach  
  136  12:13  Roach x5  
  136  12:14  Roach x5  
  151  12:17  Ravager x2  
  153  12:23  Zergling x8  
  134  12:48  Roach x4  
  134  12:49  Roach x6  
  149  13:12  Ravager x5  
  139  13:37  Roach x6  
  139  13:38  Roach  
  147  13:50  Lurker x2  
  149  14:02  Drone x2  
  132  14:18  Ravager  
  132  14:20  Ravager  
  132  14:21  Ravager x3  
  138  14:38  Zergling x6  
  138  14:39  Zergling x8  
  136  15:25  Roach x4  
  136  15:26  Roach x6  
  136  15:27  Roach x7  
  127  15:55  Ravager  
  127  15:56  Ravager x3  
Show
View Real Time Build Order
Export as new Build Order

Zak Protoss 

Build Orders: Blink Stalkers 

Get SALT Encoding   

  12  0:01  Probe (Chrono Boost)  
  13  0:11  Probe (Chrono Boost)  
  14  0:17  Pylon  
  14  0:22  Probe (Chrono Boost)  
  15  0:36  Probe (Chrono Boost)  
  15  0:39  Gateway  
  16  0:46  Probe (Chrono Boost)  
  17  0:55  Assimilator  
  18  0:57  Probe (Chrono Boost)  
  18  1:07  Probe (Chrono Boost)  
  19  1:20  Probe (Chrono Boost)  
  20  1:26  Cybernetics Core  
  20  1:30  Probe (Chrono Boost)  
  21  1:34  Pylon  
  21  1:39  Assimilator  
  21  1:41  Probe (Chrono Boost)  
  22  1:51  Probe (Chrono Boost)  
  23  2:04  Stalker (Chrono Boost)  
  25  2:11  Mothership Core  
  27  2:16  Gateway  
  27  2:32  Pylon  
  27  2:33  Gateway  
  27  2:45  Stalker (Chrono Boost)  
  29  2:55  Twilight Council  
  29  2:57  Pylon  
  29  3:02  Warp Gate  
  29  3:11  Stalker (Chrono Boost)  
  31  3:24  Nexus  
  33  3:35  Stalker (Chrono Boost)  
  33  3:39  Pylon  
  33  3:51  Blink (Chrono Boost)  
  33  3:56  Probe  
  34  4:09  Probe  
  35  4:21  Probe  
  36  4:33  Probe  
  36  4:35  Gateway, Probe  
  38  4:46  Probe  
  39  4:56  Probe, Robotics Facility  
  39  4:58  Pylon  
  39  4:59  Pylon  
  40  5:04  Gateway  
  40  5:07  Probe  
  40  5:08  Pylon  
  41  5:14  Probe  
  41  5:18  Probe  
  43  5:26  Probe  
  44  5:28  Probe  
  45  5:35  Stalker  
  45  5:36  Stalker x2  
  45  5:38  Probe  
  45  5:39  Stalker  
  54  5:44  Probe  
  55  5:50  Probe, Assimilator  
  55  5:55  Probe  
  57  6:04  Stalker x3  
  57  6:06  Stalker  
  65  6:22  Pylon  
  65  6:29  Robotics Bay  
  65  6:41  Observer (Chrono Boost)  
  65  6:46  Stalker  
  68  6:47  Stalker x3  
  68  6:54  Probe  
  74  7:00  Assimilator  
  75  7:01  Stalker  
  75  7:04  Probe  
  78  7:15  Probe  
  78  7:16  Observer Gravitic Boosters (Chrono Boost)  
  78  7:19  Disruptor  
  82  7:25  Probe  
  82  7:27  Stalker x3  
  82  7:29  Stalker, Zealot  
  93  7:36  Probe  
  76  8:41  Disruptor  
  76  8:43  Stalker  
  76  8:44  Stalker x4  
  89  8:50  Charge  
  89  8:56  Gateway  
  89  8:58  Gateway  
  89  9:01  Pylon x2  
  89  9:03  Pylon  
  89  9:04  Gateway  
  81  9:41  Stalker x2  
  81  9:42  Stalker x2  
  81  9:43  Stalker  
  91  9:47  Disruptor  
  84  10:16  Stalker x2  
  84  10:17  Stalker x2  
  84  10:18  Stalker x2  
  84  10:19  Stalker x2  
  100  10:23  Disruptor (Chrono Boost)  
  103  10:55  Disruptor (Chrono Boost)  
  104  11:19  Zealot x2  
  104  11:20  Zealot x4  
  104  11:21  Zealot x2  
  80  12:13  Mothership Core  
  80  12:18  Stalker  
  80  12:19  Stalker  
  80  12:20  Stalker x3  
  80  12:21  Stalker x3  
  92  13:02  Zealot x4  
  92  13:03  Zealot x4  
  108  13:21  Disruptor (Chrono Boost)  
  91  13:50  Zealot x4  
  91  13:51  Zealot x4  
  91  13:52  Disruptor (Chrono Boost)  
  105  14:23  Disruptor (Chrono Boost)  
  108  14:24  Stalker x4  
  108  14:25  Stalker  
  108  14:26  Stalker x3  
Tags
 
Add a new tag
Caveats
  • Supply blocks, unpowered buildings, or Contaminate may cause inaccurate times.
  • Supply counts are checked every 10 seconds.